 Dungeon Crawl Stone Soup version 0.30.1-9-gdf580d7c3d (webtiles) character file.

Game seed: 11432844401655999879

1796 Eitelfritz the Spear-Bearer (level 9, 0/60 (68) HPs)
             Began as a Merfolk Gladiator on Oct 20, 2023.
             Slain by a wight
             ... wielding a +2 battleaxe
              (4 damage)
             ... on level 6 of the Dungeon.
             The game lasted 00:16:27 (5539 turns).

Eitelfritz the Spear-Bearer (Merfolk Gladiator)     Turns: 5539, Time: 00:16:28

HP:   0/60 (68)     AC: 12    Str: 16    XL:     9   Next: 9%
MP:   9/9           EV: 14    Int: 10    God:
Gold: 332           SH:  0    Dex: 15    Spells: 8/8 levels left

rFire   . . .        a - +0 trident (drain)
rCold   . . .        (no shield)
rNeg    . . .        r - +0 acid dragon scales
rPois   .            c - +0 helmet
rElec   .            l - +1 cloak
rCorr   +            (no gloves)
SInv    .            j - +1 pair of boots
Will    .....        (no amulet)
Stlth   ++           (no ring)
HPRegen 0.30/turn    (no ring)
MPRegen 0.11/turn

%: no passive effects
@: heavily drained
A: (nimble swimmer 2), mertail
a: no special abilities


You were on level 6 of the Dungeon.
You visited 1 branch of the dungeon, and saw 6 of its levels.
You also visited: Sewer.

You collected 332 gold pieces.

Inventory:

Hand Weapons
 a - a +0 trident of draining (weapon)
Missiles
 d - a throwing net (quivered)
 e - a javelin
 s - 18 poisoned darts
Armour
 c - a +0 helmet (worn)
 i - +0 steam dragon scales
 j - a +1 pair of boots (worn)
 l - a +1 cloak (worn)
 r - +0 acid dragon scales (worn)
Wands
 k - a wand of charming (2)
Scrolls
 m - a scroll of amnesia
 o - a scroll of teleportation
 v - a scroll of fear
 x - 2 scrolls of brand weapon
Potions
 b - 2 potions of resistance
 f - 4 potions of curing {unknown}
 g - 3 potions of mutation {unknown}
 h - 3 potions of might
 n - a potion of ambrosia {unknown}
 q - a potion of flight {unknown}
 t - a potion of attraction {unknown}
 u - 2 potions of magic {unknown}


   Skills:
 + Level 5.3 Fighting
 + Level 10.6 Polearms
 + Level 2.4 Throwing
 + Level 3.6 Armour
 + Level 5.8 Dodging
 + Level 4.3 Stealth


You had 8 spell levels left.
You didn't know any spells.
Your spell library contained the following spells:

 Spells                   Type           Power      Damage    Failure   Level
 Sting                    Tmut/Pois      0%         1d3       45%         1
 Poisonous Vapours        Pois/Air       0%         N/A       61%         2
 Sublimation of Blood     Necr           0%         N/A       61%         2
 Wereblood                Tmut           0%         N/A       61%         2
 Ozocubu's Armour         Ice            0%         N/A       83%         3
 Olgreb's Toxic Radiance  Pois           0%         N/A       99%         4
 Ozocubu's Refrigeration  Ice            0%         4d7       100%        7
 Summon Hydra             Summ           0%         N/A       100%        7


Dungeon Overview and Level Annotations

Branches:
Dungeon (6/15)              Sewer (visited)
 Temple: D:4-7

Altars:
Fedhas
Gozag
Kikubaaqudgha
Ru
Xom

Shops:
D:2 :   D:5 :


Innate Abilities, Weirdness & Mutations

((You are very nimble when in or above water. (Stealth+, EV+, Speed+++)))
Your lower body shifts to a powerful aquatic tail in water.


Message History

Things that are here:
a +5 long sword of freezing; a +2 robe of willpower You hit the wight.
The wight is lightly damaged.
The wight hits you with a +2 scimitar.
You hit the wight.
The wight is moderately damaged.
You hit the wight but do no damage. You punch the wight, but do no damage.
The wight is moderately damaged.
The wight hits you with a +2 scimitar!
You barely miss the wight.
The wight is moderately damaged.
The wight hits you but does no damage.
You hit the wight.
The wight is moderately damaged.
The wight hits you with a +2 battleaxe!
You feel drained. The wight hits you with a +2 scimitar!
You feel drained.
Things that are here:
a +0 scimitar; a +0 robe You hit the wight.
The wight is moderately damaged.
The wight barely misses you. The wight hits you with a +2 scimitar.
You feel drained.
You closely miss the wight.
The wight is moderately damaged.
The wight closely misses you.
You barely miss the wight.
The wight is moderately damaged.
The wight completely misses you.
You barely miss the wight.
The wight is moderately damaged.
The wight hits you with a +2 battleaxe!
* * * LOW HITPOINT WARNING * * *
You feel drained.
* * * LOW HITPOINT WARNING * * *
The wight misses you.
You hit the wight but do no damage.
The wight is moderately damaged.
The wight hits you with a +2 battleaxe.
You die...

#....###............
..#..###.##########.
~ .##......# ## ~~
#.##...#### # .~~
#.....# ♣.~~#####.#
♣.~~ ##)# ♣.~~##).#
♣..z@z## ♣.~~##.#
♣.~~ #.# ♣.~~ #.#
$~~ ..# ~~ ### ~


You could see 2 wights.

Vanquished Creatures
  Grinder (D:3)
  Sigmund (D:3)
  A steam dragon (D:6)
  An acid dragon (D:6)
  A black bear (D:4)
  An ogre (D:4)
  A phantom (D:6)
  3 kobold brigands (Sewer)
  A scorpion (D:4)
  3 wights (D:6)
  A hound (D:5)
  2 jellies
  An orc priest (D:5)
  3 iguanas
  Ijyb (D:4)
  Terence (D:2)
  An orc wizard (D:6)
  3 gnolls (D:4)
  9 adders
  A river rat (Sewer)
  3 shadow imps
  2 ufetubi (D:5)
  5 worms
  4 dart slugs
  5 orcs
  10 ball pythons
  8 endoplasms
  4 giant cockroaches
  9 goblins
  7 hobgoblins
  4 jackals (D:1)
  17 kobolds
  3 quokkas
  2 bats (D:1)
  2 frilled lizards
  10 rats
132 creatures vanquished.

Notes
Turn   | Place    | Note
-------+----------+-------------------------------------------
     0 | D:1      | Eitelfritz the Merfolk Gladiator began the quest for the
                  | Orb.
     0 | D:1      | Reached XP level 1. HP: 16/16 MP: 1/1
    54 | D:1      | Reached XP level 2. HP: 20/22 MP: 2/2
    99 | D:1      | HP: 1/22 [kobold/+0 short sword (1)]
   354 | D:1      | Found a faded altar of an unknown god.
   398 | D:1      | Reached XP level 3. HP: 26/27 MP: 3/3
   459 | D:1      | Reached skill level 1 in Stealth
   942 | D:2      | Found Leypikk's Vocational Training.
  1413 | D:2      | Reached skill level 5 in Polearms
  1418 | D:2      | Noticed Terence
  1431 | D:2      | Killed Terence
  1432 | D:2      | Reached skill level 1 in Armour
  1432 | D:2      | Reached XP level 4. HP: 34/34 MP: 4/4
  2005 | D:3      | Noticed Sigmund
  2031 | D:3      | Killed Sigmund
  2032 | D:3      | Reached skill level 6 in Polearms
  2032 | D:3      | Reached XP level 5. HP: 15/40 MP: 5/5
  2032 | D:3      | Reached XP level 6. HP: 17/46 MP: 6/6
  2415 | D:3      | Noticed Grinder
  2440 | D:3      | Paralysed by Grinder for 5 turns
  2467 | D:3      | Killed Grinder
  2468 | D:3      | Reached XP level 7. HP: 29/52 MP: 7/7
  3067 | D:4      | Reached skill level 7 in Polearms
  3433 | D:4      | Noticed Ijyb
  3463 | D:4      | Killed Ijyb
  3686 | D:4      | Found an opulent altar of Gozag.
  3687 | D:4      | Found an ancient bone altar of Kikubaaqudgha.
  3715 | D:4      | Reached skill level 8 in Polearms
  3715 | D:4      | Reached skill level 5 in Dodging
  3741 | D:4      | Reached XP level 8. HP: 53/60 MP: 8/8
  3990 | D:5      | Entered Level 5 of the Dungeon
  4056 | D:5      | Found Esurerph's Book Boutique.
  4224 | D:5      | Found a shimmering altar of Xom.
  4308 | D:5      | Found a sacrificial altar of Ru.
  4361 | D:5      | Found a glowing drain.
  4382 | Sewer    | Entered a sewer
  4638 | Sewer    | Reached skill level 9 in Polearms
  4982 | D:5      | Found a blossoming altar of Fedhas.
  5336 | D:6      | Reached skill level 10 in Polearms
  5457 | D:6      | Reached skill level 5 in Fighting
  5457 | D:6      | Reached XP level 9. HP: 65/68 MP: 9/9
  5539 | D:6      | Slain by a wight

Illustrated notes

Levels and vault maps discovered:
D:1:      amcnicky_arrival_feature_with_door, layout_loops_ring,
          ebering_ecumenical_altar_rust, minivault_19
D:2:      layout_basic, nicolae_shop_vocational, uniq_terence
D:3:      layout_loops_ring, kennysheep_generic_room_9, uniq_grinder,
          uniq_sigmund
D:4:      layout_loops_ring, mainiacjoe_overflow_catwalk_spiral, serial_rivers,
          chequers_serial_rivers_micro_e, chequers_serial_rivers_room_b,
          chequers_serial_rivers_micro_e, chequers_serial_rivers_room_b,
          chequers_serial_rivers_small_3, uniq_ijyb
D:5:      layout_gridville, hangedman_ru_absence, mainiacjoe_overflow_two_lobes,
          serial_shops, nicolae_shop_window_shopping,
          cheibrodos_sewer_entry_drain, minmay_tree_intersection
D:6:      layout_rooms, temple_fountains, kennysheep_diamond, dk_noncrumbling_3,
          guppyfry_early_elven_hall

Skill      XL: |  1  2  3  4  5  6  7  8 |
---------------+-------------------------+-----
Stealth        | 1 2 3 4 |  4.3
Polearms       | 5 6 8 10 | 10.6
Armour         | 1 2 3 |  3.6
Fighting       | 3 4 5 |  5.3
Dodging        | 5 |  5.8
Throwing       | |  2.4

Action                     |  1- 3 |  4- 6 |  7- 9 || total
---------------------------+-------+-------+-------++-------
  Melee: Trident           |   130 |    68 |   324 ||   522
         Punch             |     1 |     1 |     3 ||     5
         Tailslap          |       |       |    12 ||    12
  Throw: Throwing net      |     1 |     2 |       ||     3
    Use: Scroll            |       |       |    13 ||    13
   Stab: Sleeping          |     8 |     1 |     6 ||    15
         Held in net/web   |       |     2 |       ||     2
         Distracted        |       |     1 |       ||     1
 Armour: Leather armour    |    36 |       |       ||    36
         Ring mail         |       |    20 |    83 ||   103
         Acid dragon scale |       |       |    14 ||    14
  Dodge: Dodged            |    67 |    26 |   144 ||   237
